Map: Blueshift LE

Players

Smileblind - Winner!

  • Race: Protoss Protoss
  • League: Silver
  • Spawn Location: 7:00

Pasulj

  • Race: Zerg Zerg
  • League: Silver
  • Spawn Location: 1:00

VOD

Have the link to the VOD?

Description

Time

  • Played on: Jan. 16, 2019, 5:21 a.m.
  • Length: 11:47
Show
View Real Time Build Order
Export as new Build Order

Smileblind Protoss - Winner!

Build Orders:  

Get SALT Encoding   

  12  0:01  Probe  
  13  0:18  Probe  
  14  0:24  Pylon  
  14  0:31  Probe  
  15  0:43  Probe  
  16  0:53  Forge  
  16  0:55  Probe  
  17  1:07  Probe  
  18  1:12  Pylon  
  18  1:19  Gateway, Probe  
  19  1:30  Assimilator  
  19  1:47  Photon Cannon  
  19  1:56  Pylon  
  19  1:59  Pylon  
  19  2:01  Pylon  
  19  2:05  Pylon  
  18  2:21  Zealot  
  20  2:37  Photon Cannon  
  20  2:39  Photon Cannon  
  20  2:48  Zealot  
  20  2:50  Photon Cannon  
  22  3:01  Pylon  
  22  3:28  Cybernetics Core  
  22  3:29  Zealot  
  22  3:32  Photon Cannon  
  24  3:35  Photon Cannon  
  24  3:38  Photon Cannon  
  24  3:46  Photon Cannon  
  24  3:56  Zealot  
  26  4:06  Photon Cannon  
  26  4:16  Photon Cannon  
  26  4:22  Pylon  
  26  4:24  Shield Battery  
  26  4:28  Shield Battery  
  26  4:44  Gateway  
  26  4:53  Photon Cannon  
  26  4:56  Pylon  
  26  5:01  Pylon  
  26  5:08  Pylon  
  26  5:17  Shield Battery  
  26  5:30  Photon Cannon  
  26  5:32  Photon Cannon  
  26  5:39  Shield Battery  
  26  5:44  Zealot  
  28  5:57  Pylon  
  28  6:11  Zealot  
  30  6:18  Photon Cannon  
  30  6:20  Photon Cannon  
  30  6:39  Zealot  
  32  6:58  Pylon  
  32  7:04  Photon Cannon  
  32  7:06  Zealot  
  34  7:19  Photon Cannon  
  34  7:22  Photon Cannon  
  34  7:29  Photon Cannon  
  34  7:34  Zealot  
  36  7:47  Photon Cannon  
  36  7:52  Photon Cannon  
  36  8:01  Zealot  
  38  8:10  Photon Cannon  
  38  8:22  Assimilator  
  38  8:44  Nexus  
  32  9:18  Zealot  
  30  9:45  Zealot  
  30  10:00  Probe  
  31  10:09  Probe  
  31  10:12  Zealot  
  34  10:17  Probe  
  35  10:30  Probe  
  36  10:39  Zealot  
  36  10:42  Probe  
  39  10:54  Probe  
  36  11:02  Stalker  
  38  11:06  Probe  
  38  11:07  Zealot  
  41  11:18  Probe  
  44  11:40  Pylon  
  44  11:46  Pylon  
Show
View Real Time Build Order
Export as new Build Order

Pasulj Zerg 

Build Orders: Pool First 

Get SALT Encoding   

  12  0:10  Drone x2  
  14  0:34  Spawning Pool  
  13  0:37  Drone  
  13  0:38  Overlord  
  14  1:03  Extractor  
  13  1:04  Drone x3  
  16  1:40  Zergling x6  
  16  2:37  Zergling x4  
  16  2:38  Zergling x2  
  19  2:53  Metabolic Boost  
  18  3:25  Zergling x2  
  18  3:26  Zergling x4  
  19  3:31  Hatchery  
  18  3:41  Queen  
  18  3:43  Drone  
  21  3:52  Roach Warren  
  20  3:59  Zergling x4  
  20  4:26  Overlord x2  
  17  5:00  Drone  
  17  5:01  Drone  
  19  5:28  Drone x3  
  21  5:52  Drone  
  21  6:17  Drone x2  
  23  6:19  Hatchery  
  22  6:30  Extractor  
  21  6:34  Drone  
  21  6:35  Drone  
  20  6:54  Drone  
  20  6:55  Drone  
  20  7:00  Spawning Pool  
  15  7:08  Drone  
  10  7:23  Drone  
  11  7:31  Extractor  
  10  7:39  Evolution Chamber  
  10  7:41  Drone x2  
  11  7:47  Queen  
  13  7:53  Drone x3  
  16  8:10  Queen  
  18  8:13  Drone  
  18  8:19  Zergling x2  
  20  8:20  Zergling x4  
  22  8:27  Overlord  
  22  8:28  Drone  
  23  8:37  Zerg Melee Weapons Level 1  
  20  8:59  Zergling x6  
  21  9:13  Zergling x8  
  25  9:17  Drone x3  
  27  9:26  Lair  
  27  9:27  Spawning Pool  
  24  9:36  Drone  
  11  9:55  Drone  
  11  9:56  Drone x3  
  14  10:14  Evolution Chamber  
  13  10:26  Spine Crawler  
  12  10:31  Zergling x8  
  12  10:32  Zergling x2  
  17  10:43  Spine Crawler  
  16  10:50  Spine Crawler  
  15  11:20  Zergling x4  
  15  11:21  Zergling x6  
Tags
 
Matchup
PvZ
Opening
Pool First
Spawn Locations
Cross Positions
Add a new tag
Caveats
  • Supply blocks, unpowered buildings, or Contaminate may cause inaccurate times.
  • Supply counts are checked every 10 seconds.